AoeStats
← Kiritastrich

Nomad

503366703Analyzed
1v1 RM · 1mo ago on Aug 31, 2026· 31m 58s· 2 players
Game mode
Random Map
Map size
126×126
Population
200
Speed
Normal
Resources
Standard
Victory
Conquest
Starting age
Dark Age
Ending age
Imperial Age
RankedLock teamsTeams togetherTeam positionsShared explorationLock speedFull tech treeHidden civsTurbo modeCheats
Victory
Defeat
🇷🇺 Spanish · Russia
1894
+12
🇦🇹 Italians · Austria
1811
-12
muirhead25
6:13 Loom
13:39 Feudal Age
17:22 Castle Age
15:24 Fletching
17:29 Double-Bit Axe
18:32 Bodkin Arrow
18:34 Gold Mining
22:22 Ballistics
22:56 Horse Collar
25:00 Town Watch
28:24 Wheelbarrow
33:43 Imperial Age
Kiritastrich
4:06 Loom
16:39 Feudal Age
17:32 Fishing Lines
17:49 Double-Bit Axe
20:23 Castle Age
19:55 Scale Barding Armor
20:29 Forging
20:47 Bloodlines
21:16 Fletching
21:21 Light Cavalry
22:56 Bodkin Arrow
23:45 Bow Saw
24:21 Padded Archer Armor
24:04 Elite Skirmisher
25:13 Husbandry
29:49 Imperial Age
28:09 Leather Archer Armor
28:40 Gillnets
29:54 Ballistics
30:34 Bracer
31:17 Ring Archer Armor
Connection lost

Rejoining the realm…

Still unreachable

The connection could not be restored.

Session expired

The server has moved on; the page needs a fresh start.